 Dungeon Crawl Stone Soup version 0.28.0-45-g0d030f2227 (webtiles) character file.

Game seed: 5330229761239735282

81 Icepheonix32 the Skirmisher (level 4, -1/35 HPs)
             Began as a Demonspawn Fighter on Apr 7, 2022.
             Slain by a goblin
             ... wielding a +0 dagger
             ... led by Robin
              (5 damage)
             ... on level 2 of the Dungeon.
             The game lasted 00:02:33 (2260 turns).

Icepheonix32 the Skirmisher (Demonspawn Fighter)    Turns: 2260, Time: 00:02:33

Health: -1/35      AC:  6    Str: 18    XL:     4   Next: 20%
Magic:  4/4        EV:  9    Int: 12    God:
Gold:   100        SH:  4    Dex: 12    Spells: 3/3 levels left

rFire   . . .      SeeInvis .   a - +0 long sword
rCold   . . .      Faith    .   c - +0 buckler
rNeg    . . .      Spirit   .   b - +0 scale mail
rPois   .          Reflect  .   (no helmet)
rElec   .          Harm     .   (no cloak)
rCorr   .          Rampage  .   (no gloves)
Will    .....                   (no boots)
Stlth   ..........              (no amulet)
HPRegen 0.11/turn               (no ring)
MPRegen 0.09/turn               (no ring)

@: mighty
A: claws 1, big brain 1
a: no special abilities


You were on level 2 of the Dungeon.
You visited 1 branch of the dungeon, and saw 3 of its levels.

You collected 100 gold pieces.

Inventory:

Hand Weapons
 a - a +0 long sword (weapon)
Armour
 b - a +0 scale mail (worn)
 c - a +0 buckler (worn)
Scrolls
 i - a scroll of silence {unknown}
 k - 3 scrolls of identify {unknown}
Potions
 e - 2 potions of heal wounds {unknown}
 f - 2 potions of curing {unknown}
 g - a potion of haste {unknown}
 h - 2 potions of mutation {unknown}
 j - a potion of lignification {unknown}


   Skills:
 + Level 3.2 Fighting
 * Level 3.1 Long Blades
 + Level 3.0 Armour
 + Level 0.1 Stealth
 + Level 2.9 Shields
 * Level 1.0 Unarmed Combat


You had 3 spell levels left.
You didn't know any spells.
Your spell library contained the following spells:

 Spells                   Type           Power      Damage    Failure   Level
 Scorch                   Fire           0%         2d5       90%         2
 Flame Wave               Conj/Fire      0%         2d4       100%        4
 Summon Cactus Giant      Summ           0%         N/A       100%        6


Dungeon Overview and Level Annotations

Branches:
Dungeon (3/15)

Altars:
Wu Jian

Annotations:
D:3 Ijyb


Innate Abilities, Weirdness & Mutations

You have sharp fingernails.
You have an unusually large brain. (Int +2)


Message History

The goblin barely misses you. The goblin hits you with a +0 dagger.
You hear an angry hiss.
There is a stone staircase leading up here.
Robin hits you with a +0 trident. The goblin hits you with a +0 dagger.
The kobold hits you but does no damage. The goblin hits you with a +0 club.
The goblin hits you but does no damage.
You climb upwards.
There is a stone staircase leading down, spattered with blood here.
Unknown command.
You closely miss Robin. Robin hits you with a +0 trident.
The goblin barely misses you. The kobold misses you.
The goblin hits you with a +0 club. The goblin hits you but does no damage.
Robin closely misses you. The goblin closely misses you.
You barely miss Robin. The goblin hits you with a +0 club.
The kobold hits you with a +0 dagger.
The goblin hits you with a +0 dagger. x2
The goblin hits you with a +0 club. The kobold closely misses you.
You are too injured to fight recklessly!
You are too injured to fight recklessly!
Unknown command.
Okay, then.
You feel very mighty all of a sudden. The goblin hits you but does no damage.
The goblin barely misses you. The goblin hits you with a +0 club.
The kobold closely misses you.
You slice the goblin!!
You kill the goblin!
You block the goblin's attack. The goblin hits you with a +0 dagger.
* * * LOW HITPOINT WARNING * * *
The kobold hits you but does no damage.
You hit Robin.
Robin is moderately wounded.
The goblin hits you but does no damage. Robin hits you but does no damage.
The goblin hits you with a +0 dagger.
* * * LOW HITPOINT WARNING * * *
The kobold hits you with a +0 dagger.
* * * LOW HITPOINT WARNING * * *
The goblin barely misses you. The goblin hits you but does no damage.
You slash Robin!
You kill Robin!
The kobold closely misses you. The goblin hits you with a +0 dagger.
You die...

######## ##......## ##........##
#..........# #..........# ######
#........g)# #....#
#####........)@# #....#
#............Kg# #....#
####.#.......<## #....# ####
#.#......[.## #....# ...#
#...........# #....#
##.###..........#############...#
#...#..........#.#.#...#.#.#.###
####..............#...#...#......
# ##...).......#...#.#.#...#.###


You could see 2 goblins and a kobold.

Vanquished Creatures
  Robin (D:2)
  2 adders (D:2)
  A worm (D:2)
  7 bats
  4 endoplasms
  A giant cockroach (D:2)
  10 goblins
  6 hobgoblins
  2 jackals (D:2)
  5 kobolds
  7 ball pythons
  4 frilled lizards
  6 rats (D:1)
56 creatures vanquished.

Vanquished Creatures (others)
  2 plants (D:1)
2 creatures vanquished.

Grand Total: 58 creatures vanquished

Notes
Turn   | Place    | Note
-------+----------+-------------------------------------------
     0 | D:1      | Icepheonix32 the Demonspawn Fighter began the quest for the
                  | Orb.
     0 | D:1      | Reached XP level 1. HP: 18/18 MP: 1/1
   235 | D:1      | Gained mutation: You have sharp fingernails. [demonic
                  | ancestry]
   235 | D:1      | Reached XP level 2. HP: 14/24 MP: 2/2
   513 | D:1      | Found a faded altar of an unknown god.
   736 | D:1      | Gained mutation: You have an unusually large brain. (Int
                  | +2) [demonic ancestry]
   736 | D:1      | Reached XP level 3. HP: 26/29 MP: 3/3
  1283 | D:2      | Found an ornate altar of the Wu Jian Council.
  1721 | D:2      | Reached XP level 4. HP: 34/35 MP: 4/4
  2000 | D:3      | Noticed Robin
  2007 | D:3      | Noticed Ijyb
  2022 | D:2      | Reached skill level 1 in Unarmed Combat
  2260 | D:2      | Killed Robin
  2260 | D:2      | Slain by a goblin

Illustrated notes

Levels and vault maps discovered:
D:1:      kennysheep_arrival_seaside, layout_basic, serial_forest,
          infiniplex_forest_clump_long, infiniplex_forest_zigzag_1,
          infiniplex_forest_clump_diagonal, infiniplex_forest_zigzag_2,
          infiniplex_forest_straight_3, infiniplex_forest_lined_3,
          infiniplex_forest_lined_room_3, infiniplex_forest_straight_1,
          infiniplex_forest_lined_room_3, dilly_ecumenical_altar_fadedgnrine,
          st_stairs_11, kennysheep_flooded_box
D:2:      layout_rooms, basic_altar, minmay_misc_feat_alley
D:3:      layout_basic, nicolae_gozag_seed_capital, mainiacjoe_overflow_catwalk,
          mainiacjoe_overflow_brackets, okawaru_metal_pillars_1_2,
          goddamned_bats, uniq_terence, uniq_robin, uniq_ijyb

Skill      XL: |  1  2  3  4 |
---------------+-------------+-----
Long Blades    | 2 3 |  3.1
Unarmed Combat | 1 |  1.0
Armour         | 3 |  3.0
Fighting       | |  3.2
Stealth        | |  0.1
Shields        | |  2.9

Action                   |  1- 3 |  4- 6 || total
-------------------------+-------+-------++-------
Melee: Long sword        |   142 |    42 ||   184
  Use: Potion            |       |     1 ||     1
Armor: Scale mail        |    99 |    33 ||   132
Dodge: Dodged            |    83 |    36 ||   119
Block: Buckler           |    41 |    18 ||    59
